[Event "*** Titled Tuesday Blitz"]
[Site "Chess.com"]
[Date "2020.05.26"]
[Round "4"]
[White "SlavenPastar"]
[Black "PKCLUB"]
[Result "0-1"]
[WhiteElo "2392"]
[BlackElo "2619"]
[TimeControl "180+1"]
[EndTime "10:38:30 PDT"]
[Termination "PKCLUB won by resignation"]

1. d4 Nf6 2. c4 e6 3. Nc3 Bb4 4. e3 O-O 5. Bd3 d5 6. cxd5 exd5 7. Ne2 Re8 8. O-O Nbd7 9. Bd2 a6 10. Rc1 Bd6 11. f3 c5 12. Qe1 b5 13. a3 Rb8 14.
Qf2 cxd4 15. exd4 Nb6 16. Bg5 h6 17. Bf4 Nc4 18. Bxd6 Qxd6 19. Ng3 Bd7 20. Rfe1 Rxe1+ 21. Rxe1 b4 22. axb4 Qxb4 23. Bxc4 dxc4 24. Re2 a5 25. Nge4 Nxe4 26. fxe4 a4 27. Qg3 a3 28. bxa3 Qb6 29.
Rd2 Ra8 30. Nd5 Qb1+ 31. Kf2 Kh8 32. Qe3 Bc6 33. h3 Re8 34. Nc3 Qa1 35. d5 Bd7 36.
Ne2 f5 37. e5 Rxe5 38. Qxe5 Qxe5 0-1

[Event "*** Titled Tuesday Blitz"]
[Site "Chess.com"]
[Date "2020.05.26"]
[Round "4"]
[White "HrvojeZagreb"]
[Black "51616516516"]
[Result "0-1"]
[WhiteElo "2166"]
[BlackElo "2349"]
[TimeControl "180+1"]
[EndTime "10:38:30 PDT"]
[Termination "51616516516 won by checkmate"]

1. d4 Nf6 2. Bf4 g6 3. Nc3 d5 4. e3 Bg7 5. h4 h5 6. Nf3 Bg4 7.
Qd2 Bxf3 8. gxf3 c6 9. O-O-O b5 10. a3 a5 11. Re1 Nbd7 12. e4 dxe4 13. fxe4 Nb6 14. e5 Nfd5 15. Nxd5 Nxd5 16. Bg5 Qb6 17. e6 f5 18. Be3 f4 19. Bxf4 Nxf4 20. Kb1 Rf8 21. Re4 Qc7 22. d5 Nxd5 23. Bxb5 Rb8 24. c4 Nc3+ 25. bxc3 cxb5 26. c5 Qc6 27. Rhe1 Rd8 28.
Qg5 Rf6 29. Re5 Qf3 30. R1e2 Qxc3 31. f4 Rd1+ 32. Ka2 Ra1# 0-1

[Event "*** Titled Tuesday Blitz"]
[Site "Chess.com"]
[Date "2020.05.26"]
[Round "4"]
[White "lucliasco"]
[Black "Chessdemon2019"]
[Result "1-0"]
[WhiteElo "2694"]
[BlackElo "2305"]
[TimeControl "180+1"]
[EndTime "10:38:32 PDT"]
[Termination "lucliasco won by checkmate"]

1. e4 c5 2. Nf3 d6 3. c3 Nf6 4. h3 g6 5. Be2 Bg7 6. O-O O-O 7. d3 Nc6 8. Bf4 a6 9. a4 Bd7 10. Nbd2 b5 11. Re1 b4 12. d4 bxc3 13. bxc3 Qa5 14. d5 Ne5 15. Nxe5 dxe5 16. Bxe5 Ne8 17. Bxg7 Kxg7 18.
Qc2 Rb8 19. Nc4 Qc7 20. e5 Bf5 21. Bd3 Bxd3 22. Qxd3 Rb3 23. Rad1 Qd7 24. e6 fxe6 25. Rxe6 Nc7 26. Re5 Rd8 27. Rde1 Nxd5 28. Qe4 Rxc3 29.
Nb6 Nxb6 30. Rxe7+ Kg8 31. Rxd7 Nxd7 32. Qe7 Rf8 33.
Qxd7 Rc2 34. Qe6+ Kh8 35. Qe5+ Kg8 36. Re2 Rxe2 37. Qxe2 a5 38. Qe6+ Kh8 39. Qe5+ Kg8 40. Qxc5 Kg7 41. Qxa5 Rf7 42. Qc3+ Kg8 43. a5 h6 44. Qc8+ Kg7 45. Qc3+ Kg8 46. a6 Kh7 47. Qe3 g5 48. a7 Rf8 49. Qe4+ Kg7 50. Qd4+ Kf7 51.
Qd5+ Ke7 52. a8=Q Rxa8 53. Qxa8 Ke6 54. Qh8 Kf5 55. Qxh6 Kf4 56. g3+ Kf3 57. Qh5+ Ke4 58. Qg4+ Kd3 59. Qf3+ Kd2 60. Qf5 Kc3 61. h4 Kd2 62. h5 Ke2 63. h6 Kd2 64. h7 Kc3 65. h8=Q+ Kd2 66. Qd4+ Ke2 67. Qfe4# 1-0

[Event "*** Titled Tuesday Blitz"]
[Site "Chess.com"]
[Date "2020.05.26"]
[Round "4"]
[White "Harsha_Bharathakoti"]
[Black "LedakovAlexandr"]
[Result "1-0"]
[WhiteElo "2745"]
[BlackElo "2516"]
[TimeControl "180+1"]
[EndTime "10:38:32 PDT"]
[Termination "Harsha_Bharathakoti won on time"]

1. e4 Nc6 2. Nf3 d6 3. Nc3 g6 4. d4 Bg7 5. Be2 Nf6 6. h3 O-O 7. O-O Re8 8. d5 Nb8 9. Bf4 e6 10. dxe6 Bxe6 11. Nd4 Nbd7 12. Re1 Nc5 13. e5 dxe5 14.
Bxe5 Nd5 15. Bxg7 Nxc3 16. bxc3 Kxg7 17. Bf3 Qf6 18. Nxe6+ Rxe6 19. Qd4 Rae8 20. Rxe6 Nxe6 21. Qxf6+ Kxf6 22. Bxb7 Rd8 23. Kf1 Rd2 24. Rc1 Nc5 25. Ke1 Rd6 26. Bf3 Na4 27. Rb1 Rb6 28. Rb4 Nxc3 29.
Rc4 Nxa2 30. Rxc7 Nb4 31. c3 Nd3+ 32. Ke2 Ne5 33. Bd5 a5 34. f4 1-0

[Event "*** Titled Tuesday Blitz"]
[Site "Chess.com"]
[Date "2020.05.26"]
[Round "4"]
[White "Chessmasterzt"]
[Black "Quattroporte300"]
[Result "1-0"]
[WhiteElo "2578"]
[BlackElo "2311"]
[TimeControl "180+1"]
[EndTime "10:38:32 PDT"]
[Termination "Chessmasterzt won by resignation"]

1. Nf3 Nf6 2. g3 d5 3. Bg2 e6 4. O-O Nbd7 5. b3 c5 6. c4 d4 7.
b4 Rb8 8. d3 b6 9. Bf4 cxb4 10. Bxb8 Nxb8 11. a3 a5 12. e3 dxe3 13. fxe3 Be7 14. axb4 Bxb4 15. d4 O-O 16. Qb3 Bb7 17.
Nc3 Nbd7 18. Rad1 Qa8 19. Nb5 Rc8 20. Rc1 Be4 21. Qb2 Ng4 22. Qe2 f5 23. Nh4 Ndf6 24. Bxe4 Nxe4 25. Ng2 a4 26. Rc2 a3 27. Nf4 Qc6 28. d5 exd5 29. Nxd5 Bf8 30. Rxf5 g6 31. Qxg4 Qe6 32. Rxf8+ 1-0

[Event "*** Titled Tuesday Blitz"]
[Site "Chess.com"]
[Date "2020.05.26"]
[Round "4"]
[White "TenisMaster"]
[Black "SARGISMV"]
[Result "1-0"]
[WhiteElo "2814"]
[BlackElo "2431"]
[TimeControl "180+1"]
[EndTime "10:38:33 PDT"]
[Termination "TenisMaster won on time"]

1. e4 e6 2. d4 d5 3. Nc3 Bb4 4. e5 c5 5. a3 Bxc3+ 6. bxc3 Ne7 7. h4 Qc7 8. h5 h6 9. Bd2 b6 10. Qg4 Rg8 11. Bd3 Kf8 12. Rh3 Ba6 13. Bxa6 Nxa6 14. Rf3 Nf5 15. Qf4 cxd4 16. g4 Nh4 17. Rg3 Nc5 18. cxd4 Ne4 19. Bb4+ Ke8 20. Kf1 Qxc2 21. Ne2 g5 22. Qe3 a5 23. Rc1 Qa4 24. Bd6 Kd8 25.
Rh3 Rc8 26. f3 Nxd6 27. exd6 Rxc1+ 28. Qxc1 Qc4 29. Qb1 b5 30. Qh7 Rf8 31. Qxh6 Rg8 32. Qf6+ Kc8 33. h6 Qd3 34. Qxf7 Qd1+ 35. Kf2 Qxd4+ 36.
Nxd4 1-0

[Event "*** Titled Tuesday Blitz"]
[Site "Chess.com"]
[Date "2020.05.26"]
[Round "4"]
[White "Denis_Palkovich"]
[Black "Jungle_Jaguar"]
[Result "0-1"]
[WhiteElo "2312"]
[BlackElo "2584"]
[TimeControl "180+1"]
[EndTime "10:38:33 PDT"]
[Termination "Jungle_Jaguar won by resignation"]

1. d4 Nf6 2. Bf4 g6 3. e3 Bg7 4.
Nf3 d6 5. Be2 O-O 6. h3 Nbd7 7.
O-O Qe8 8. c4 e5 9. Bh2 b6 10. Nc3 Bb7 11. Rc1 Rd8 12. Re1 a6 13. b4 c5 14. bxc5 dxc5 15. Nxe5 Nxe5 16. Bxe5 Qe6 17.
Qb3 Rfe8 18. Na4 cxd4 19. Bxd4 Qf5 20. Qxb6 Ba8 21. Qc5 Qe6 22. Nb6 Ne4 23. Qc7 Rxd4 24. exd4 Bxd4 25. Nxa8 Bxf2+ 26. Kh1 Ng3+ 27. Kh2 Nxe2 28.
Rxe2 Qxe2 29. Qf4 Be3 30. Qf3 Qxf3 31. gxf3 Bxc1 32. Nc7 Re2+ 33. Kg3 Rc2 34. Nd5 Rxc4 0-1

[Event "*** Titled Tuesday Blitz"]
[Site "Chess.com"]
[Date "2020.05.26"]
[Round "4"]
[White "Carnivoras"]
[Black "A-Adly"]
[Result "0-1"]
[WhiteElo "2613"]
[BlackElo "2826"]
[TimeControl "180+1"]
[EndTime "10:38:34 PDT"]
[Termination "A-Adly won by resignation"]

1. d4 Nf6 2. Nf3 e6 3. Bg5 d5 4.
Nbd2 Be7 5. e3 b6 6. Bd3 Bb7 7. O-O Nbd7 8. c4 h6 9. Bh4 O-O 10. Rc1 c5 11. cxd5 Nxd5 12. Bxe7 Qxe7 13. Bb1 Rac8 14. e4 Nf4 15. g3 Nh3+ 16. Kg2 Ng5 17. Re1 Rfd8 18. Qe2 Nf6 19. Nxg5 hxg5 20. d5 exd5 21.
e5 Nd7 22. Qh5 Nf8 23. Nf3 d4 24. Be4 Bxe4 25. Rxe4 Ne6 26. h4 g6 27. Qg4 d3 28.
hxg5 Kg7 29. Rd1 b5 30. Re3 c4 31. Qh4 Rh8 32. Qg4 Qb7 33. Kg1 Rh5 34. Re4 Rch8 35.
Kf1 Rh1+ 36. Kg2 0-1

[Event "*** Titled Tuesday Blitz"]
[Site "Chess.com"]
[Date "2020.05.26"]
[Round "4"]
[White "Sanyura"]
[Black "relaxx87"]
[Result "0-1"]
[WhiteElo "2479"]
[BlackElo "2673"]
[TimeControl "180+1"]
[EndTime "10:38:34 PDT"]
[Termination "relaxx87 won by resignation"]

1. e4 c5 2. Nf3 d6 3. d4 cxd4 4.
Nxd4 Nf6 5. Nc3 a6 6. Qd3 e6 7. Bg5 Be7 8. Be2 Qc7 9. O-O-O b5 10. a3 Nbd7 11. h4 Bb7 12. f3 Rc8 13. g4 Ne5 14.
Qd2 Nc4 15. Bxc4 Qxc4 16. Nb3 Qc7 17. h5 h6 18. Bf4 e5 19. Be3 d5 20. g5 hxg5 21.
Bxg5 d4 22. Na2 Bxe4 23. Nb4 Bxb4 24. axb4 Qxc2+ 25. Qxc2 Bxc2 26. Nc5 Bxd1 27. Kxd1 Rxh5 28. Rg1 Kf8 29. Kd2 Rh2+ 30. Kd3 Rxb2 31. Rh1 Ng8 32. Rh8 f6 33. Bd2 Kf7 34. f4 Ne7 35. Rh7 Rxc5 36.
bxc5 e4+ 37. Kxe4 Rxd2 38. Rh3 b4 39. Rb3 a5 40. f5 d3 41. Ke3 Rc2 42. Kxd3 Rxc5 43.
Ke4 Re5+ 0-1

[Event "*** Titled Tuesday Blitz"]
[Site "Chess.com"]
[Date "2020.05.26"]
[Round "4"]
[White "JozefKneht"]
[Black "DanielDardha2005"]
[Result "0-1"]
[WhiteElo "2471"]
[BlackElo "2644"]
[TimeControl "180+1"]
[EndTime "10:38:35 PDT"]
[Termination "DanielDardha2005 won by resignation"]

1. e4 c5 2. Nf3 Nc6 3. d4 cxd4 4.
Nxd4 e5 5. Nb5 Nf6 6. N1c3 d6 7. Bg5 a6 8. Na3 b5 9. Nd5 Be7 10. Bxf6 Bxf6 11. c3 Ne7 12. Nc2 Nxd5 13. Qxd5 Rb8 14. Nb4 Bb7 15. Qd3 O-O 16. Be2 Bg5 17. O-O Qc7 18.
Rfd1 Rbd8 19. Nd5 Qd7 20. a4 bxa4 21. Qc4 Rb8 22. Ra2 Kh8 23. g3 f5 24. Qxa4 Qf7 25.
f3 f4 26. Kg2 Qh5 27. Qc2 Bc8 28. g4 Qh4 29. Bxa6 Ra8 30. Rda1 Rxa6 31. Rxa6 h5 32. gxh5 Qh3+ 33. Kg1 Qxf3 34. Qg2 Qxh5 35. Ra8 f3 36. Qg3 f2+ 37. Kf1 Bh3+ 0-1

[Event "*** Titled Tuesday Blitz"]
[Site "Chess.com"]
[Date "2020.05.26"]
[Round "4"]
[White "Mostii"]
[Black "WinstonSilvakov"]
[Result "1-0"]
[WhiteElo "2367"]
[BlackElo "2103"]
[TimeControl "180+1"]
[EndTime "10:38:35 PDT"]
[Termination "Mostii won on time"]

1. d4 Nf6 2. Nf3 c5 3. g3 cxd4 4. Bg2 Nc6 5. Nxd4 g6 6. b3 Bg7 7. Bb2 O-O 8. O-O a6 9. Nd2 Qc7 10. c4 e5 11. Nxc6 dxc6 12. Qc2 Re8 13. c5 Nd7 14.
Ne4 Bf8 15. Rfd1 Re6 16. b4 h6 17. Rd2 f5 18. Qc4 Kf7 19. Nd6+ Bxd6 20. Rxd6 Nf8 21.
Bxe5 Qe7 22. Rad1 Kg8 23. f4 Kh7 24. e4 Rxe5 25. fxe5 Qxe5 26. exf5 Bxf5 27. Qf7+ Qg7 28. Qxg7+ Kxg7 29. h3 Re8 30. g4 Be4 31. Re1 1-0

[Event "*** Titled Tuesday Blitz"]
[Site "Chess.com"]
[Date "2020.05.26"]
[Round "4"]
[White "Omk124"]
[Black "Jenia84"]
[Result "1-0"]
[WhiteElo "2407"]
[BlackElo "2208"]
[TimeControl "180+1"]
[EndTime "10:38:36 PDT"]
[Termination "Omk124 won by resignation"]

1. e4 e5 2. Nf3 Nc6 3. Bc4 Bc5 4. c3 Nf6 5. d3 d6 6. O-O h6 7. Nbd2 O-O 8. Re1 Be6 9. Bb3 a5 10. Nf1 b5 11. a4 bxa4 12. Bxa4 Ne7 13. Bc2 Ng6 14. Ng3 c6 15. d4 exd4 16. cxd4 Bb4 17. Bd2 Rb8 18. Bc3 Re8 19. Qd2 Bg4 20. Bd1 c5 21. h3 Bxf3 22. Bxf3 cxd4 23. Qxd4 Ne5 24. Be2 Qb6 25. Qd2 Ned7 26. Bc4 Nc5 27. Bd5 Bxc3 28. bxc3 Nxd5 29. Qxd5 Re5 30. Qa2 Rbe8 31. Qxa5 Qxa5 32. Rxa5 f5 33. f4 R5e6 34. Nxf5 Nxe4 35. Nd4 R6e7 36. c4 Nc5 37. Rxe7 Rxe7 38. Nf5 Re1+ 39.
Kh2 Re4 40. Nxd6 Rxf4 41. Rxc5 1-0

[Event "*** Titled Tuesday Blitz"]
[Site "Chess.com"]
[Date "2020.05.26"]
[Round "4"]
[White "JuliaEfremova"]
[Black "Vitor-Moraes"]
[Result "1-0"]
[WhiteElo "2218"]
[BlackElo "1984"]
[TimeControl "180+1"]
[EndTime "10:38:36 PDT"]
[Termination "JuliaEfremova won on time"]

1. d4 Nf6 2. Bf4 e6 3. Nf3 d5 4. e3 Bd6 5. Bg3 O-O 6. Bd3 b6 7. Nbd2 c5 8. c3 Ba6 9. Bxa6 Nxa6 10. Bxd6 Qxd6 11. Ne5 Nd7 12. Ndf3 Nxe5 13. Nxe5 f6 14. Nd3 e5 15. dxe5 fxe5 16. Qh5 Rae8 17. O-O-O d4 18. exd4 cxd4 19. cxd4 e4 20. Ne5 Rc8+ 21. Kb1 Rxf2 22. Rc1 Rcf8 23. Nc4 Qxd4 24. Rhd1 Qf6 25. Qd5+ Kh8 26. Rd2 e3 27. Nxe3 Rxd2 28. Qxd2 Rd8 29. Qc3 Qg6+ 30. Ka1 Nc5 31. g3 h6 32. Nc4 Rd3 33.
Qe5 Rd8 34. Qe7 Rd4 35. Ne5 1-0

[Event "*** Titled Tuesday Blitz"]
[Site "Chess.com"]
[Date "2020.05.26"]
[Round "4"]
[White "pedro_nascimento85"]
[Black "politeplayer"]
[Result "1-0"]
[WhiteElo "1873"]
[BlackElo "2166"]
[TimeControl "180+1"]
[EndTime "10:38:36 PDT"]
[Termination "pedro_nascimento85 won by checkmate"]

1. d4 Nf6 2. c4 g6 3. Nc3 Bg7 4. e4 d6 5. Be2 O-O 6. Nf3 e5 7. d5 a5 8. Bg5 h6 9. Bh4 Qe8 10.
Nd2 Nh7 11. O-O Na6 12. f3 h5 13. Kh1 Bh6 14. b3 Bd7 15. a3 Be3 16. Rb1 Qb8 17. Bf2 Bxf2 18. Rxf2 Qa7 19. Rf1 Qe3 20. Qc2 f5 21.
Qd3 Qc5 22. Na2 Qxa3 23. Nc3 Nb4 24. Qe3 f4 25. Qg1 Nc2 26. Rfc1 Nd4 27. Bd3 Qc5 28.
Na4 Qa7 29. c5 Bxa4 30. bxa4 dxc5 31. Nc4 Rfe8 32. Qf2 g5 33. g3 Re7 34. gxf4 gxf4 35. Rg1+ Kh8 36. Qh4 Rae8 37. Rbf1 Qb8 38. Rg6 b5 39.
axb5 Qxb5 40. Nxe5 Rxe5 41. Bxb5 Nxb5 42. Rh6 Nd4 43.
Qf6+ Kg8 44. Rg1+ Ng5 45. Rxg5+ Rxg5 46. Qxg5+ Kf7 47. Rh7+ Kf8 48. Qg7# 1-0

[Event "*** Titled Tuesday Blitz"]
[Site "Chess.com"]
[Date "2020.05.26"]
[Round "4"]
[White "QueenOfTactics90"]
[Black "BogdanDeac"]
[Result "0-1"]
[WhiteElo "1951"]
[BlackElo "2947"]
[TimeControl "180+1"]
[EndTime "10:38:37 PDT"]
[Termination "BogdanDeac won by resignation"]

1. e4 c5 2. Nf3 d6 3. d4 cxd4 4. Nxd4 Nf6 5. f3 e5 6. Nb3 a5 7. a4 Nc6 8. c4 Be7 9. Nc3 O-O 10. Be3 Nd7 11. Nb5 Nc5 12. Be2 b6 13. O-O Be6 14. Rc1 Rc8 15. Nxc5 bxc5 16. Qd2 Nd4 17. Bd1 h6 18. f4 exf4 19. Bxf4 Bg5 20. Bxg5 Qxg5 21.
Qxg5 hxg5 22. Nxd4 cxd4 23. b3 Rb8 24. Bc2 d3 25. Bd1 f5 26. exf5 Bxf5 27. Rc3 Bg6 28. Bf3 Rbe8 29. Rd1 Re3 30. Rd2 g4 31. Bd5+ Kh7 32.
Rc1 Rfe8 33. Rf1 Re2 34. Rf2 Re1+ 35. Rf1 R8e2 36. Rd1 Rxd1 37. Rxd1 d2 38. Kf1 Bd3 39.
Be4+ Rxe4+ 40. Kf2 Re2+ 41. Kg3 Bc2 42. Rxd2 Rxd2 43.
Kxg4 Bxb3 0-1

[Event "*** Titled Tuesday Blitz"]
[Site "Chess.com"]
[Date "2020.05.26"]
[Round "4"]
[White "Sibelephant"]
[Black "Gabrielian_Artur"]
[Result "1-0"]
[WhiteElo "3174"]
[BlackElo "2756"]
[TimeControl "180+1"]
[EndTime "10:38:38 PDT"]
[Termination "Sibelephant won by resignation"]

1. d4 Nf6 2. Nf3 g6 3. Bg5 Bg7 4. Nbd2 O-O 5. e3 d6 6. Bc4 Nbd7 7. O-O b6 8. e4 e5 9. c3 Bb7 10. Re1 h6 11. Bh4 Qe8 12. Qc2 Nh5 13. a4 a6 14.
Rad1 Kh8 15. Nf1 f5 16. exf5 Bxf3 17. gxf3 gxf5 18. Kh1 Nf4 19. Ng3 Ng6 20. Nxf5 Rxf5 21. Qxf5 Nxh4 22. Qg4 Qe7 23. f4 Rf8 24. dxe5 d5 25.
Bxd5 Nc5 26. Rg1 Nf5 27. Qh5 Ne6 28. Rg4 Qe8 29. Qxe8 Rxe8 30. Be4 Rf8 31. Rd7 Nc5 32. Bxf5 Nxd7 33. Bxd7 h5 34. Rh4 Bh6 35. e6 1-0

[Event "*** Titled Tuesday Blitz"]
[Site "Chess.com"]
[Date "2020.05.26"]
[Round "4"]
[White "XiaoKangZhong"]
[Black "zala02"]
[Result "1-0"]
[WhiteElo "2425"]
[BlackElo "2247"]
[TimeControl "180+1"]
[EndTime "10:38:38 PDT"]
[Termination "XiaoKangZhong won by checkmate"]

1. e4 c5 2. c3 Nc6 3. d4 cxd4 4.
cxd4 d5 5. exd5 Qxd5 6. Nf3 Nf6 7. Nc3 Qd8 8. d5 Nb8 9. Bc4 g6 10. O-O Bg7 11. Bf4 O-O 12. Nb5 Na6 13. Rc1 Bg4 14. h3 Bd7 15. Nbd4 Rc8 16. Bxa6 bxa6 17. Nc6 Bxc6 18. dxc6 Qb6 19. Qa4 Nd5 20. Bg3 Nb4 21.
c7 Nd5 22. Ne5 Bxe5 23. Bxe5 Nxc7 24. Qc4 Ne6 25. Qxc8 Rxc8 26. Rxc8+ Nf8 27. Rd1 f6 28. Bc7 Qxb2 29. Rdd8 Qa1+ 30. Kh2 Qxa2 31. Rxf8+ Kg7 32. Rg8+ Kh6 33. Bf4+ g5 34. Bg3 a5 35. Rge8 Qa3 36. Rc7 f5 37. f4 g4 38. Rexe7 gxh3 39. Rxh7+ Kg6 40. Rcg7+ Kf6 41. Rxa7 hxg2 42. Rh6# 1-0

[Event "*** Titled Tuesday Blitz"]
[Site "Chess.com"]
[Date "2020.05.26"]
[Round "4"]
[White "gilbert_gm"]
[Black "chesslh19"]
[Result "1-0"]
[WhiteElo "2639"]
[BlackElo "2158"]
[TimeControl "180+1"]
[EndTime "10:38:38 PDT"]
[Termination "gilbert_gm won by checkmate"]

1. e4 c5 2. Nf3 d6 3. d4 cxd4 4. Nxd4 Nf6 5. Nc3 e6 6. Bg5 Be7 7. Qd2 h6 8. Bh4 Nc6 9. O-O-O Nxd4 10. Qxd4 O-O 11. f3 a6 12. g4 b5 13. Bg3 e5 14.
Qf2 b4 15. Nd5 Nxd5 16. exd5 f5 17. gxf5 Bxf5 18. Bd3 Bg5+ 19. Kb1 Qf6 20. h4 Bf4 21. Bxf4 Bxd3 22. Bg5 hxg5 23. hxg5 Qxg5 24. Rxd3 e4 25. Rb3 Rxf3 26. Rxf3 exf3 27. Qxf3 Rf8 28. Qe4 Qf5 29. Qxb4 Qf1+ 30. Qe1 Qf5 31. Qd2 Qf1+ 32. Qd1 Qf5 33. b3 a5 34. a4 Rb8 35. Ka2 Qe5 36. Re1 Qc3 37. Re4 Rb4 38. Re8+ Kf7 39. Qe2 Rf4 40. Qe6# 1-0

[Event "*** Titled Tuesday Blitz"]
[Site "Chess.com"]
[Date "2020.05.26"]
[Round "4"]
[White "Agnes66678"]
[Black "moro182"]
[Result "1/2-1/2"]
[WhiteElo "2476"]
[BlackElo "2633"]
[TimeControl "180+1"]
[EndTime "10:38:39 PDT"]
[Termination "Game drawn by repetition"]

1. d4 Nf6 2. c4 e6 3. g3 d5 4.
Nf3 b6 5. Bg2 Bb7 6. Ne5 Nbd7 7.
O-O Bd6 8. Bf4 O-O 9. Nc3 Ne4 10. Nxe4 dxe4 11. Qa4 Nxe5 12. dxe5 Bc5 13. Qc2 a5 14. Rad1 Qe7 15. Bxe4 Bxe4 16. Qxe4 Rad8 17. h4 h6 18. Qc6 Rxd1 19. Rxd1 Rd8 20. Rd3 Kh7 21. Qe4+ Kg8 22. Kg2 Rd7 23. Qc6 Rd8 24. b3 Kh7 25. h5 Kg8 26.
Qb7 Kh7 27. Kf3 Rd7 28. Qe4+ Kg8 29. Kg2 Qd8 30. Rxd7 Qxd7 31. Qd3 Qc6+ 32. f3 Qe8 33. g4 Qe7 34. a4 Qh4 35. Bg3 Qe7 36. Bf4 Qh4 37.
e3 Qe1 38. g5 hxg5 39. Bxg5 Qa1 40. Bf4 Qb2+ 41. Kh3 Qc1 42. Qd8+ Kh7 43. Qd3+ Kg8 44. Kg2 Qb2+ 45. Kh3 Qa1 46. Kg4 Qg1+ 47. Kh3 Qh1+ 48.
Kg4 Qg2+ 49. Bg3 Bb4 50. h6 Be1 51. h7+ Kh8 52. Qd8+ Kxh7 53. Qh4+ Kg8 54. Qd8+ Kh7 55. Qh4+ Kg8 56. Qd8+ Kh7 1/2-1/2

[Event "*** Titled Tuesday Blitz"]
[Site "Chess.com"]
[Date "2020.05.26"]
[Round "4"]
[White "Korchmar_Vasiliy"]
[Black "Pavel_Mir"]
[Result "1-0"]
[WhiteElo "2576"]
[BlackElo "2232"]
[TimeControl "180+1"]
[EndTime "10:38:39 PDT"]
[Termination "Korchmar_Vasiliy won by resignation"]

1. d4 Nf6 2. c4 g6 3. Nc3 d5 4.
Nf3 Bg7 5. Bf4 O-O 6. e3 Be6 7. c5 c6 8. Bd3 Bg4 9. h3 Bxf3 10. Qxf3 Nbd7 11. O-O Nh5 12. Bh2 e5 13. Qd1 f5 14.
Be2 exd4 15. exd4 Nhf6 16. b4 a6 17. a4 Ne4 18. Nxe4 fxe4 19. Bd6 Rf7 20. b5 Qf6 21. bxc6 bxc6 22. Qb3 Qxd4 23. Qb7 Re8 24. Qxc6 Rxf2 25. Rxf2 Qxa1+ 26. Rf1 Qd4+ 27. Kh1 Rd8 28. Be7 Qe3 29.
Bxa6 Rf8 30. Qxd5+ Kh8 31. Qxd7 Rxf1+ 32. Bxf1 h5 33.
Qe8+ Kh7 34. Qf7 Qc3 35. Bf8 e3 36. Qxg7+ 1-0

[Event "*** Titled Tuesday Blitz"]
[Site "Chess.com"]
[Date "2020.05.26"]
[Round "4"]
[White "RobertoJBM"]
[Black "ChelsieMonica"]
[Result "1/2-1/2"]
[WhiteElo "2575"]
[BlackElo "2372"]
[TimeControl "180+1"]
[EndTime "10:38:39 PDT"]
[Termination "Game drawn by repetition"]

1. d4 Nf6 2. c4 e6 3. Nc3 Bb4 4. Qc2 d5 5. a3 Bxc3+ 6. Qxc3 Ne4 7. Qc2 O-O 8. Nf3 c5 9. cxd5 exd5 10. dxc5 Bf5 11.
Qd1 Nxc5 12. e3 Nc6 13. b4 Qf6 14. Ra2 Ne4 15. Bb2 Qe7 16. Nd4 Bg6 17. Be2 Rac8 18. O-O Ne5 19. Nf3 Nc4 20. Qd4 Nxb2 21. Rxb2 Nc3 22.
Re1 Nxe2+ 23. Rbxe2 Be4 24. Qe5 Qxe5 25. Nxe5 Rc3 26. f3 Bd3 27. Rd2 Bc4 28. Rd4 b5 29. e4 dxe4 30. Nxc4 Rxc4 31. Rexe4 Rfc8 32. Kf2 Rc3 33. Re3 Rc2+ 34. Re2 R2c7 35. Red2 g6 36. Rd8+ Rxd8 37. Rxd8+ Kg7 38. Rd5 Rc2+ 39. Kg3 Rc3 40. Rxb5 Rxa3 41. h4 h5 42. Rb7 Ra4 43. b5 Ra5 44.
Kf2 Ra4 45. Kg3 Ra5 46. Kf2 Ra4 47. Kg3 1/2-1/2

[Event "*** Titled Tuesday Blitz"]
[Site "Chess.com"]
[Date "2020.05.26"]
[Round "4"]
[White "SHIVACalypso"]
[Black "ShahMatKanal"]
[Result "0-1"]
[WhiteElo "2284"]
[BlackElo "2460"]
[TimeControl "180+1"]
[EndTime "10:38:39 PDT"]
[Termination "ShahMatKanal won by resignation"]

1. Nf3 d5 2. c4 e6 3. g3 Nf6 4. Bg2 Be7 5. O-O O-O 6. d4 c6 7.
Nc3 Nbd7 8. Nd2 b6 9. e4 Bb7 10. e5 Ne8 11. f4 g6 12. cxd5 cxd5 13. g4 f6 14. Qe2 f5 15. gxf5 gxf5 16. Kh1 Kh8 17.
Rg1 Rg8 18. Nf3 Nf8 19. Be3 Ng6 20. Bh3 h6 21. Rg2 Kh7 22. Rag1 Nc7 23. Ng5+ hxg5 24. Rxg5 Bxg5 25. Rxg5 Qf8 26. Bf2 Ba6 27. Qf3 Nb5 28. Ne2 Rc8 29. Ng3 Rc1+ 30. Kg2 Nxd4 31. Bxd4 Bf1+ 32.
Kf2 Bxh3 33. Nh5 Rf1+ 34. Ke2 Rxf3 35. Nf6+ Kg7 0-1

[Event "*** Titled Tuesday Blitz"]
[Site "Chess.com"]
[Date "2020.05.26"]
[Round "4"]
[White "Cocaino74"]
[Black "MikeSailer"]
[Result "1-0"]
[WhiteElo "2361"]
[BlackElo "2082"]
[TimeControl "180+1"]
[EndTime "10:38:39 PDT"]
[Termination "Cocaino74 won on time"]

1. e4 d5 2. exd5 Qxd5 3. Nc3 Qd6 4. d4 Nf6 5. Nf3 c6 6. g3 Bf5 7. Bf4 Qe6+ 8. Be2 h6 9. O-O g5 10. Be5 Nbd7 11. Re1 Bg7 12. d5 cxd5 13. Bb5 O-O-O 14. Nd4 Nxe5 15. Nxe6 fxe6 16. Rxe5 Ng4 17. Rxf5 exf5 18.
Nxd5 e6 19. Ne7+ Kb8 20. Qe2 Bd4 21. Kg2 Nxf2 22. c3 Bc5 23. Qe5+ Bd6 24. Qg7 Ng4 25. h3 Ne3+ 26. Kf3 Nd5 27. Nxd5 exd5 28. Re1 Rc8 29. Qf6 f4 30. Qxd6+ 1-0

[Event "*** Titled Tuesday Blitz"]
[Site "Chess.com"]
[Date "2020.05.26"]
[Round "4"]
[White "talaicito"]
[Black "PrinceMurad09"]
[Result "0-1"]
[WhiteElo "2155"]
[BlackElo "2512"]
[TimeControl "180+1"]
[EndTime "10:38:39 PDT"]
[Termination "PrinceMurad09 won on time"]

1. d4 Nf6 2. Nc3 c5 3. d5 a6 4. a4 Qa5 5. Bd2 Qb6 6. e4 e6 7.
Nf3 exd5 8. exd5 Bd6 9. Qe2+ Kf8 10. O-O-O Qc7 11. Re1 b5 12. Bg5 h6 13. Bxf6 gxf6 14. Nh4 Bf4+ 15. Kb1 d6 16. g3 Be5 17.
Ne4 f5 18. Nd2 c4 19. Ndf3 Bf6 20. Bh3 c3 21. Bxf5 cxb2 22. Bxc8 Qxc8 23. g4 Nd7 24. Nf5 Qc5 25. h4 Nb6 26. g5 Qa3 27. c3 Nxa4 28.
Qd3 Nxc3+ 29. Kc2 Rc8 30. Nxd6 Qxd6 31. gxf6 b1=Q+ 32. Rxb1 Nxd5+ 33. Kd2 Qf4+ 34. Kd1 Nc3+ 0-1

[Event "*** Titled Tuesday Blitz"]
[Site "Chess.com"]
[Date "2020.05.26"]
[Round "4"]
[White "volcanoexplorer"]
[Black "Alexander_Moskalenko"]
[Result "0-1"]
[WhiteElo "2527"]
[BlackElo "2795"]
[TimeControl "180+1"]
[EndTime "10:38:40 PDT"]
[Termination "Alexander_Moskalenko won by checkmate"]

1. e4 e6 2. d4 d5 3. Nc3 Nf6 4.
Bg5 dxe4 5. Nxe4 Be7 6. Bxf6 gxf6 7. g3 f5 8. Nc3 c5 9. Nge2 cxd4 10. Qxd4 Nc6 11.
Qxd8+ Bxd8 12. Bg2 Bd7 13. O-O-O Bb6 14. f4 Ke7 15.
Nb5 Bc5 16. Nbd4 Rac8 17. c3 h5 18. Nf3 b5 19. Kb1 a5 20. Ned4 b4 21. Ne5 Nxe5 22. fxe5 bxc3 23. bxc3 a4 24. Rd2 Rb8+ 25. Kc2 Rhc8 26.
Rhd1 Be8 27. Bf3 Bb4 28. Rd3 Ba3 29. Rb1 Rxb1 30. Kxb1 f6 31. exf6+ Kxf6 32. Kc2 e5 33. Nxf5 Kxf5 34. Re3 Kf6 35. Be4 Rb8 36. Rf3+ Ke7 37. Bd5 Rb2+ 38. Kd3 Kd6 39. Bc4 Bg6+ 40. Ke3 Bc5# 0-1

[Event "*** Titled Tuesday Blitz"]
[Site "Chess.com"]
[Date "2020.05.26"]
[Round "4"]
[White "cancrushyou"]
[Black "Abund"]
[Result "0-1"]
[WhiteElo "2424"]
[BlackElo "2607"]
[TimeControl "180+1"]
[EndTime "10:38:40 PDT"]
[Termination "Abund won by resignation"]

1. d4 Nf6 2. c4 g6 3. g3 Bg7 4. Bg2 d5 5. cxd5 Nxd5 6. Nf3 Nb6 7. O-O Nc6 8. e3 O-O 9. Nc3 Re8 10. Nh4 e5 11. d5 Na5 12. Qc2 Bd7 13. Rd1 Rc8 14. b3 e4 15. Ba3 c5 16. Rac1 g5 17. Nxe4 gxh4 18. Nd6 Bg4 19. Nxe8 Bxd1 20. Rxd1 Qxe8 21. Be4 h6 22. Bf5 Rd8 23. Qxc5 Qe5 24. e4 hxg3 25. hxg3 Nc6 26. Kg2 Bf8 27. Qc1 Bxa3 28. Qxa3 Ne7 29. g4 Nxf5 30. exf5 Rxd5 31. Rxd5 Qxd5+ 0-1

[Event "*** Titled Tuesday Blitz"]
[Site "Chess.com"]
[Date "2020.05.26"]
[Round "4"]
[White "Shankovskyi"]
[Black "Khayala13"]
[Result "1-0"]
[WhiteElo "2542"]
[BlackElo "2341"]
[TimeControl "180+1"]
[EndTime "10:38:40 PDT"]
[Termination "Shankovskyi won on time"]

1. e4 c5 2. Nf3 e6 3. c3 d5 4. exd5 exd5 5. d4 Nc6 6. Bb5 Bd6 7. dxc5 Bxc5 8. O-O Ne7 9. Nbd2 O-O 10. Nb3 Bb6 11. h3 Qd6 12. Nbd4 Ng6 13. Re1 Nf4 14. Bxf4 Qxf4 15. Nxc6 bxc6 16. Bxc6 Bxh3 17. gxh3 Qg3+ 18. Kh1 Qxh3+ 19. Nh2 Bc7 20. f4 Bxf4 21. Re2 Rad8 22. Qf1 Qh6 23. Bb5 Rd6 24. Bd3 Rf6 25. Qg2 Rb8 26.
Rf1 g5 27. Kg1 1-0